 Dungeon Crawl Stone Soup version 0.29.1-12-g30fa7ad0bf (webtiles) character file.

Game seed: 14655719554648845813

624 Peloso the Slasher (level 7, -12/55 (61) HPs)
             Began as a Minotaur Fighter on Dec 22, 2022.
             Was an Initiate of Okawaru.
             Mangled by an ogre
             ... wielding a +0 giant club
              (20 damage)
             ... on level 5 of the Dungeon.
             The game lasted 00:07:50 (4008 turns).

Peloso the Slasher (Minotaur Fighter)               Turns: 4008, Time: 00:07:51

HP:   -12/55 (61)   AC: 11    Str: 20    XL:     7   Next: 22%
MP:   0/6           EV:  8    Int:  5    God:    Okawaru [......]
Gold: 192           SH:  5    Dex: 12    Spells: 6/6 levels left

rFire   . . .      SeeInvis .   a - +0 long sword
rCold   . . .      Faith    .   d - +0 buckler
rNeg    + . .      Spirit   +   c - +0 chain mail {rPois}
rPois   +          Reflect  .   (helmet restricted)
rElec   .          Harm     .   o - +0 cloak
rCorr   .          Rampage  .   (no gloves)
Will    .....                   (no boots)
Stlth   ..........              e - amulet of guardian spirit
HPRegen 0.18/turn               k - ring of positive energy
MPRegen 0.10/turn               (no ring)

@: drained
A: horns 2, retaliatory headbutt
a: Renounce Religion


You were on level 5 of the Dungeon.
You worshipped Okawaru.
Okawaru was noncommittal.
You visited 1 branch of the dungeon, and saw 5 of its levels.

You collected 192 gold pieces.

Inventory:

Hand Weapons
 a - a +0 long sword (weapon)
Armour
 b - a +0 scale mail
 c - a +0 chain mail of poison resistance (worn)
 d - a +0 buckler (worn)
 o - a +0 cloak (worn)
Jewellery
 e - an amulet of guardian spirit (around neck)
 k - a ring of positive energy (left hand)
 t - a ring of protection from fire
Scrolls
 g - a scroll of torment {unknown}
 h - a scroll of teleportation
 i - 2 scrolls of blinking {unknown}
 j - 2 scrolls of poison {unknown}
 m - a scroll of summoning
 n - 2 scrolls of magic mapping {unknown}
 p - a scroll of enchant armour {unknown}
 v - 2 scrolls of fear {unknown}
 w - a scroll of acquirement {unknown}
Potions
 f - a potion of haste
 l - a potion of might
 q - 3 potions of curing
 r - 2 potions of degeneration {unknown}
 s - a potion of resistance {unknown}
 u - 3 potions of mutation {unknown}
 z - a potion of heal wounds
 A - a potion of lignification {unknown}


   Skills:
 + Level 5.2 Fighting
 + Level 6.8 Long Blades
 + Level 5.5 Armour
 + Level 2.0 Dodging
 + Level 0.1 Stealth
 + Level 4.6 Shields


You had 6 spell levels left.
You didn't know any spells.
Your spell library contained the following spells:

 Spells                   Type           Power      Damage    Failure   Level
 Apportation              Tloc           0%         N/A       99%         1
 Necrotise                Necr           0%         1d4       99%         1
 Sublimation of Blood     Necr           0%         N/A       100%        2
 Wereblood                Tmut           0%         N/A       100%        2
 Portal Projectile        Hex/Tloc       0%         N/A       100%        3
 Leda's Liquefaction      Hex/Erth       0%         N/A       100%        4
 Summon Small Mammal      Summ           Unusable   N/A       N/A         1
 Call Canine Familiar     Summ           Unusable   N/A       N/A         3
 Summon Hydra             Summ           Unusable   N/A       N/A         7

Dungeon Overview and Level Annotations

Branches:
Dungeon (5/15)
 Temple: D:4-7

Altars:
Hepliaklqana
Kikubaaqudgha
Okawaru
Ru


Innate Abilities, Weirdness & Mutations

You have a pair of horns on your head.
You reflexively headbutt those who attack you in melee.


Message History

You closely miss the adder.
You headbutt the adder, but do no damage.
The adder is almost dead.
You block the adder's attack.
You hit the adder.
You kill the adder!
Okawaru accepts your kill.
You see here a dart slug corpse.
You see here a +0 cloak.
Found a robe.
An ogre comes into view. It is wielding a +0 giant club.
The ogre shouts!
An ogre is nearby!
You barely miss the ogre. Your headbutt misses the ogre.
The ogre hits you with a +0 giant club!
You hit the ogre.
The ogre is lightly wounded.
The ogre barely misses you.
You slash the ogre!
The ogre is heavily wounded.
You hit the ogre.
The ogre is heavily wounded.
The ogre closely misses you. You furiously retaliate!
You headbutt the ogre. You hit the ogre.
The ogre is severely wounded.
The ogre hits you with a +0 giant club!
You hit the ogre but do no damage.
The ogre is severely wounded.
The ogre hits you with a +0 giant club!
* * * LOW HITPOINT WARNING * * *
You hit the ogre.
The ogre is severely wounded.
You hit the ogre.
The ogre is almost dead.
The ogre hits you with a +0 giant club.
* * * LOW HITPOINT WARNING * * *
You barely miss the ogre.
The ogre is almost dead.
The ogre hits you with a +0 giant club!!
You die...

####### ...... #....##
##+ +.....# ....
##.....# #.# .....
.?.... #.#..
......##>.######.#.# #
.....[O@............ ..
......##.####.##.#.###.#
####+###....#.##.#.#...
#.......[....##.#.#.#
+.......†..#....#...#
#..........##.......###
+............#.........
#.........####.####...#
#.........# #.#.......


You could see an ogre.

Vanquished Creatures
  An ice beast (D:4)
  A centaur (D:4)
  A scorpion (D:4)
  A necrophage (D:4)
  A howler monkey (D:4)
  An orc priest (D:4)
  2 hounds (D:4)
  An iguana (D:4)
  7 adders
  2 worms
  5 dart slugs
  8 orcs
  9 ball pythons
  2 bats (D:1)
  5 endoplasms
  2 giant cockroaches
  9 goblins
  8 hobgoblins
  12 jackals
  4 quokkas
  4 frilled lizards
  6 kobolds
  7 rats
99 creatures vanquished.

Vanquished Creatures (others)
  2 plants (D:5)
2 creatures vanquished.

Grand Total: 101 creatures vanquished

Notes
Turn   | Place    | Note
-------+----------+-------------------------------------------
     0 | D:1      | Peloso the Minotaur Fighter began the quest for the Orb.
     0 | D:1      | Reached XP level 1. HP: 19/19 MP: 0/0
   313 | D:1      | Reached XP level 2. HP: 27/27 MP: 1/1
   422 | D:1      | Reached skill level 3 in Long Blades
   757 | D:1      | Found a faded altar of an unknown god.
   954 | D:1      | Reached XP level 3. HP: 33/33 MP: 2/2
  1332 | D:2      | Reached XP level 4. HP: 39/40 MP: 3/3
  1530 | D:2      | Reached skill level 1 in Dodging
  1532 | D:2      | Reached skill level 4 in Long Blades
  1565 | D:2      | You fall into a shaft and drop 2 floors!
  1569 | D:4      | Noticed a scorpion
  1582 | D:4      | Killed a scorpion
  1583 | D:4      | Reached XP level 5. HP: 45/46 MP: 4/4
  1624 | D:4      | Reached skill level 5 in Long Blades
  1690 | D:4      | Reached XP level 6. HP: 20/53 MP: 1/5
  2715 | D:3      | Found a hazy altar of Hepliaklqana.
  2778 | D:3      | Identified the +1 dagger "Ypegupu" {protect, Stlth+}
  3156 | D:2      | Found an ancient bone altar of Kikubaaqudgha.
  3349 | D:4      | Found a sacrificial altar of Ru.
  3359 | D:4      | Found an iron altar of Okawaru.
  3363 | D:4      | Became a worshipper of Warmaster Okawaru
  3407 | D:4      | Noticed an ice beast
  3421 | D:4      | Killed an ice beast
  3422 | D:4      | Reached skill level 6 in Long Blades
  3422 | D:4      | Reached skill level 5 in Armour
  3795 | D:5      | Entered Level 5 of the Dungeon
  3818 | D:4      | Reached skill level 5 in Fighting
  3821 | D:4      | Reached XP level 7. HP: 42/61 MP: 2/6
  4008 | D:5      | Mangled by an ogre

Illustrated notes

Levels and vault maps discovered:
D:1:      dpeg_arrival_simpleton_c, layout_loops_ring,
          hellmonk_ecumenical_altar_inner_sanctum
D:2:      minmay_spotlight, layout_rooms, basic_altar, minmay_tiny_reverse_x
D:3:      layout_basic, general_overflow_altar, hangedman_decor_opposing,
          grunt_ministairs_12, serial_bayou_ford_a
D:4:      layout_rooms, mainiacjoe_overflow_big_doors,
          chequers_serial_rivers_micro_e
D:5:      layout_basic, nicolae_elyvilon_temple_path

Skill      XL: |  1  2  3  4  5  6  7 |
---------------+----------------------+-----
Armour         | 4 5 |  5.5
Long Blades    | 3 4 5 6 |  6.8
Fighting       | 4 5 |  5.2
Dodging        | 1 2 |  2.0
Shields        | 4 |  4.6
Stealth        | |  0.1

Action                   |  1- 3 |  4- 6 |  7- 9 || total
-------------------------+-------+-------+-------++-------
Melee: Long sword        |   105 |   166 |    31 ||   302
       Headbutt          |    10 |    38 |     3 ||    51
  Use: Scroll            |     2 |     5 |       ||     7
       Potion            |       |     2 |       ||     2
Armor: Scale mail        |    53 |       |       ||    53
       Chain mail        |    26 |   122 |    12 ||   160
Dodge: Dodged            |    47 |    70 |    13 ||   130
Block: Buckler           |    24 |    50 |     8 ||    82
